 Dungeon Crawl Stone Soup version 0.30.0-29-ga12c61a403 (webtiles) character file.

Game seed: 12035587404159453173

56 Josd the Insei (level 3, 0/23 HPs)
             Began as an Octopode Transmuter on June 20, 2023.
             Slain by a goblin
             ... wielding a +0 dagger
              (3 damage)
             ... on level 1 of the Dungeon.
             The game lasted 00:01:58 (844 turns).

Josd the Insei (Octopode Transmuter)                 Turns: 844, Time: 00:01:59

Health: 0/23       AC:  1    Str:  9    XL:     3   Next: 95%
Magic:  6/6        EV: 13    Int: 15    God:
Gold:   62         SH:  0    Dex: 14    Spells: 5/6 levels left

rFire   . . .        g - +1 dagger (venom)
rCold   . . .        (no shield)
rNeg    . . .        (helmet restricted)
rPois   .            (no amulet)
rElec   .            (no ring)
rCorr   .            (no ring)
SInv    .            (no ring)
Will    .....        (no ring)
Stlth   +++          (no ring)
HPRegen 0.23/turn    (no ring)
MPRegen 0.10/turn    (no ring)
                     (no ring)

%: no passive effects
@: no status effects
A: almost no armour, amphibious, 8 rings, camouflage 1, gelatinous body 1,
(nimble swimmer 1), tentacles
a: no special abilities


You were on level 1 of the Dungeon.
You visited 1 branch of the dungeon, and saw 2 of its levels.

You collected 62 gold pieces.

Inventory:

Hand Weapons
 g - a +1 dagger of venom (weapon)
Scrolls
 b - a scroll of vulnerability {unknown}
 c - a scroll of poison {unknown}
 e - a scroll of identify {unknown}
 f - a scroll of teleportation {unknown}
 h - a scroll of magic mapping {unknown}
 i - a scroll of noise {unknown}
Potions
 a - a potion of lignification
 d - a potion of haste {unknown}


   Skills:
 + Level 1.1 Fighting
 + Level 0.1 Short Blades
 + Level 2.4 Dodging
 + Level 0.6 Stealth
 + Level 4.1 Unarmed Combat
 + Level 2.1 Spellcasting
 + Level 2.1 Transmutations


You had 5 spell levels left.
You knew the following spells:

 Your Spells              Type           Power      Damage    Failure   Level
a - Beastly Appendage     Tmut           16%        N/A       9%          1

Your spell library contained the following spells:

 Spells                   Type           Power      Damage    Failure   Level
 Wereblood                Tmut           8%         N/A       14%         2
 Spider Form              Tmut/Pois      4%         N/A       38%         3
 Ice Form                 Ice/Tmut       4%         N/A       80%         4


Dungeon Overview and Level Annotations

Branches:
Dungeon (2/15)

Altars:


Innate Abilities, Weirdness & Mutations

You cannot wear most types of armour.
You are amphibious.
You can wear up to eight rings at the same time.
Your skin changes colour to match your surroundings (Stealth+).
Your rubbery body absorbs attacks. (AC +1, EV +1)
((You are camouflaged when in or above water. (Stealth+)))
You have tentacles for arms and can constrict up to eight enemies at once.


Message History

Done waiting.
i - a scroll labelled NUJOJE FUIMIUTH An adder and a hobgoblin come into view.
Found a bubbling pink potion and a whip.
There are monsters nearby!
An adder comes into view.
A goblin and a quokka come into view.
Found a robe.
The goblin shouts!
The hobgoblin shouts!
You hear a shout!
A goblin comes into view. It is wielding a +0 dagger.
The goblin shouts!
You barely miss the quokka.
The adder hisses angrily.
You grab the quokka. You squeeze the quokka.
The quokka is heavily wounded.
You constrict the quokka.
The quokka bites you but does no damage.
You release your grip on the quokka.
The goblin attacks as you move away! The goblin misses you.
You closely miss the quokka. Your grab misses the quokka.
The quokka is severely wounded.
The quokka bites you. The goblin completely misses you.
The quokka closely misses you. The adder attacks as you move away!
The adder bites you. The hobgoblin hits you.
The goblin attacks as you move away! The goblin hits you with a +0 dagger.
You can't go up here!
The hobgoblin hits you.
There is a stone staircase leading up here.
The goblin closely misses you. The hobgoblin hits you.
You climb upwards.
There is a stone staircase leading down here.
You closely miss the goblin. Your grab misses the goblin.
The hobgoblin barely misses you. The goblin hits you with a +0 dagger.
* * * LOW HITPOINT WARNING * * *
You barely miss the goblin. Your grab misses the goblin.
Your squeeze misses the goblin. The hobgoblin hits you.
* * * LOW HITPOINT WARNING * * *
The goblin hits you with a +0 dagger.
You die...

######.....####.....##........#
######.....# ###.............#
.....#.....# ###.#.........#
.....##############...........###
........)...................)....
.....###########......##########.
.....# #.##..## #. ###### #g#..##
## #@g..# # ######


You could see a hobgoblin and a goblin.

Vanquished Creatures
  2 adders (D:2)
  A ball python (D:2)
  2 endoplasms
  2 giant cockroaches
  5 goblins (D:1)
  6 hobgoblins (D:1)
  5 kobolds (D:1)
  5 bats
  A frilled lizard (D:1)
  6 rats
35 creatures vanquished.

Notes
Turn   | Place    | Note
-------+----------+-------------------------------------------
     0 | D:1      | Josd the Octopode Transmuter began the quest for the Orb.
     0 | D:1      | Reached XP level 1. HP: 13/13 MP: 3/3
    75 | D:1      | Reached XP level 2. HP: 11/18 MP: 3/5
   354 | D:1      | Reached XP level 3. HP: 14/23 MP: 6/6
   637 | D:2      | Reached skill level 4 in Unarmed Combat
   844 | D:1      | Slain by a goblin

Illustrated notes

Levels and vault maps discovered:
D:1:      heliophobic_arrival_battle_scene, layout_rooms, minmay_misc_feat_x,
          hangedman_feature_mirror
D:2:      layout_loops_ring, basic_altar, minmay_circled_x,
          uniq_crazy_yiuf_cottage, uniq_jessica

Skill      XL: |  1  2  3 |
---------------+----------+-----
Unarmed Combat | 4 |  4.1
Fighting       | |  1.1
Short Blades   | |  0.1
Dodging        | |  2.4
Stealth        | |  0.6
Spellcasting   | |  2.1
Transmutations | |  2.1

Action                     || total
---------------------------++-------
  Melee: Unarmed           ||    58
         Constrict         ||    21
         Kick              ||     2
         Tentacles         ||     7
         Punch             ||     1
         Dagger            ||    34
   Cast: Beastly Appendage ||     5
   Stab: Distracted        ||     1
         Sleeping          ||     4
 Armour: Skin              ||    15
  Dodge: Dodged            ||    68
